 Dungeon Crawl Stone Soup version 0.31-a0-859-g9dce7d3444 (webtiles) character file.

Game seed: 11736450359039277587

58 Kurtz the Sneak (level 4, 0/42 HPs)
             Began as a Naga Delver on Oct 9, 2023.
             Slain by an ufetubus (2 damage)
             ... on level 5 of the Dungeon.
             The game lasted 00:00:50 (581 turns).

Kurtz the Sneak (Naga Delver)                        Turns: 581, Time: 00:00:51

Health: 0/42       AC:  2    Str: 15    XL:     4   Next: 2%
Magic:  4/4        EV:  9    Int: 10    God:
Gold:   120        SH:  0    Dex: 14    Spells: 3/3 levels left

rFire   . . .        a - +0 hand axe
rCold   . . .        (no shield)
rNeg    . . .        b - +0 leather armour
rPois   +            (no helmet)
rElec   .            (no cloak)
rCorr   .            (no gloves)
SInv    +            (no barding)
Will    .....        (no amulet)
Stlth   +++          (no ring)
HPRegen 0.27/turn    (no ring)
MPRegen 0.09/turn

%: no passive effects
@: very slow
A: AC +1, large, see invisible, deformed body, poison resistance, slowness 2,
spit poison 1, naga tail 1
a: Spit Poison


You were on level 5 of the Dungeon.
You visited 1 branch of the dungeon, and saw 2 of its levels.

You collected 120 gold pieces.

Inventory:

Hand Weapons
 a - a +0 hand axe (weapon)
Armour
 b - a +0 leather armour (worn)
Wands
 g - a wand of digging (3)
Scrolls
 c - a scroll of fog
 d - a scroll of revelation
 e - a scroll of fear
 i - a scroll of vulnerability {unknown}
 j - a scroll of teleportation {unknown}
Potions
 f - 2 potions of haste
 h - a potion of resistance {unknown}
 k - a potion of mutation {unknown}


   Skills:
 - Level 3.0 Fighting
 * Level 4.2 Axes
 - Level 1.5 Dodging
 - Level 7.2 Stealth


You had 3 spell levels left.
You didn't know any spells.
Your spell library was empty.

Dungeon Overview and Level Annotations

Branches:
Dungeon (5/15)
 Temple: D:4-7

Altars:

Annotations:
D:5 exclusion: lemure, Blork the orc, Menkaure


Innate Abilities, Weirdness & Mutations

Your serpentine skin is tough. (AC +1)
You have supernaturally acute eyesight. (SInv)
Armour fits poorly on your strangely shaped body.
Your system is resistant to poisons. (rPois)
You cover ground very slowly.
You can spit poison.
You have a snake-like lower body.


Message History

The iguana bites you!
The ufetubus hits you but does no damage.
The ufetubus hits you.
You climb downwards.
Level annotation: exclusion: lemure, Blork the orc, Menkaure
There is a stone staircase leading up here.
You barely miss the iguana.
The iguana is lightly wounded.
You hit the ufetubus. You completely miss the endoplasm. The ufetubus hits you.
The ufetubus hits you but does no damage.
The iguana bites you.
The endoplasm hits you but does no damage.
Unknown command.
You hit the ufetubus but do no damage.
The ufetubus is severely wounded.
You hit the iguana but do no damage. You hit the endoplasm.
The ufetubus closely misses you. The ufetubus hits you. x2
The ufetubus completely misses you. The iguana bites you!
The endoplasm hits you.
Unknown command.
You closely miss the iguana.
The iguana is lightly wounded.
You miss the ufetubus. You hit the endoplasm. The ufetubus misses you.
The ufetubus hits you.
* * * LOW HITPOINT WARNING * * *
The endoplasm freezes you.
You are frozen.
* * * LOW HITPOINT WARNING * * *
The iguana bites you.
* * * LOW HITPOINT WARNING * * *
The ufetubus hits you.
* * * LOW HITPOINT WARNING * * *
The ufetubus hits you.
* * * LOW HITPOINT WARNING * * *
You hit the iguana.
The iguana is lightly wounded.
You hit the endoplasm.
You kill the endoplasm!
You hit the ufetubus but do no damage. The ufetubus hits you.
You die...

#####.# ##.
#.....# #.
#.##### #.
#.# #. ## #
#.# #. ... #.
#.##########.
### ###..####
#.##.........
......5.#
#.##.########
#@# #.##.#
#l####.##.# .
5..
#.........# #
...
######.#### #
#.# #.# ####
.. ... #.#
#..† .###.#
#.########.##
..#.#
#..........#
###.#.#
############


You could see an iguana and an ufetubus.

Vanquished Creatures
  A hound (D:5)
  An iguana (D:5)
  A dart slug (D:5)
  An orc (D:5)
  An endoplasm (D:5)
5 creatures vanquished.

Notes
Turn   | Place    | Note
-------+----------+-------------------------------------------
     0 | D:5      | Kurtz the Naga Delver began the quest for the Orb.
     0 | D:5      | Reached XP level 1. HP: 21/21 MP: 1/1
   111 | D:5      | Noticed Menkaure
   115 | D:5      | Noticed a lemure
   216 | D:5      | Noticed Blork the orc
   277 | D:5      | Noticed an iguana
   336 | D:5      | Killed an iguana
   337 | D:5      | Reached XP level 2. HP: 6/28 MP: 2/2
   337 | D:5      | Reached XP level 3. HP: 7/34 MP: 3/3
   469 | D:5      | Reached XP level 4. HP: 20/42 MP: 4/4
   580 | D:5      | HP: 2/42 [ufetubus (3)]
   581 | D:5      | Slain by an ufetubus

Illustrated notes

Levels and vault maps discovered:
D:4:      layout_basic, cheibrodos_sewer_entry_bend, serial_shops, shop,
          st_stairs_3, uniq_ijyb, uniq_edmund
D:5:      layout_loops_ring, uniq_menkaure, uniq_blork_the_orc, uniq_pikel

Skill      XL: |  1  2  3 |
---------------+----------+-----
Axes           | 3 4 |  4.2
Fighting       | |  3.0
Dodging        | |  1.5
Stealth        | |  7.2

Action                     |  1- 3 |  4- 6 || total
---------------------------+-------+-------++-------
  Melee: Hand axe          |    15 |     5 ||    20
Ability: Spit Poison       |     4 |       ||     4
   Stab: Sleeping          |     2 |       ||     2
 Armour: Leather armour    |    10 |    18 ||    28
  Dodge: Dodged            |     7 |     5 ||    12

Table legend: (Time is in decaauts)
 A = Elapsed time spent in this place.
 B = Non-inter-level travel time spent in this place.
 C = Inter-level travel time spent in this place.
 D = Time resting spent in this place.
 E = Time spent auto-exploring this place.
 F = Levels seen in this place.
 G = Mean time per level.
                   A        B        C        D        E       F      G
               +--------+--------+--------+--------+--------+-----+--------+
         Total |    721 |    656 |     65 |    186 |    375 |   2 |  360.5 |
       Dungeon |    721 |    656 |     65 |    186 |    375 |   2 |  360.5 |
               +--------+--------+--------+--------+--------+-----+--------+

Top non-repeatable levels by time:
     D:5: 718 daAuts
     D:4: 2 daAuts
